[Event "Reykjavik Open 2024"]
[Site "Reykjavik"]
[Date "2024.03.16"]
[Round "2.38"]
[White "Botez, Alexandra"]
[Black "Sidhant, Mohapatra"]
[Result "0-1"]
[ECO "E54"]
[WhiteElo "1986"]
[BlackElo "2379"]
[Annotator "TA"]
[PlyCount "142"]
[EventDate "2024.03.12"]
[EventCountry "ISL"]
[SourceTitle "playchess.com"]
[Source "ChessBase"]
[SourceQuality "1"]
[TimeControl "40/5400+30:1800+30"]

1. d4 Nf6 2. c4 e6 3. Nc3 Bb4 4. e3 O-O 5. Bd3 d5 6. Nf3 c5 7. O-O cxd4 8. exd4 dxc4 9. Bxc4 b6 10. Ne5 Bb7 11. Bg5 h6 12. Bh4 Be7 (12... Nbd7 $5) 13. Re1 Nc6 {[%emt 0:01:54] Weiß steht etwas besser.} 14. Nf3 ({Vorzuziehen ist} 14. Ba6 $1 $14 Qc8 15. Qf3) 14... Rc8 $1 $15 {[%emt 0:01:45][%cal Oc6d4] Und jetzt ...Nxd4! wäre schön.} 15. Bb3 Na5 16. d5 Nxb3 17. axb3 Nxd5 18. Bxe7 Nxe7 (18... Qxe7 $2 {zu gefräßig.} 19. Nxd5 Qc5 (19... Bxd5 $2 {geht unter.} 20. Qxd5 Rc2 21. Qe5 $18) 20. Nc3 $18) 19. Rxa7 Qxd1 20. Rxd1 Bxf3 21. gxf3 Nc6 22. Rb7 Rb8 23. Rxb8 Rxb8 {[%emt 0:00:10][%mdl 4096] Endspiel. KRN-KRN} 24. Na4 b5 25. Nc5 Rc8 26. Kg2 Nb4 27. Ne4 Nd5 {[%emt 0:01:02] Verhindert Nc3} 28. Rd2 f5 29. Nc3 Nf4+ 30. Kg3 g5 31. Ne2 Ng6 {[%emt 0:00:23] Schwarz steht aktiver.} 32. f4 Kf7 33. fxg5 hxg5 34. f3 b4 35. Kf2 Rh8 36. Kg2 Rc8 37. Kf2 $1 Kf6 38. Kg2 (38. Ng3 {ist wohl besser.}) 38... Rc6 $19 39. Kf2 {[%emt 0:01:07] [#]} e5 $1 40. Ke3 Ke6 {[%emt 0:00:21] Droht ...Nh4 und aus.} 41. Rd8 Rc2 42. Rd2 $2 (42. Ra8) 42... Rc8 $2 (42... f4+ 43. Kd3 Rc8) 43. Kf2 Ne7 {[%emt 0:00:00] ...f4 wäre nun fies.} 44. Kg3 $2 (44. Ng3) 44... Nd5 45. h3 Ne3 46. Kf2 {[%emt 0:00:35] Pariert Nf1.} f4 47. Ng3 fxg3+ 48. Kxe3 {[%emt 0:00:09] KR-KR} Rh8 49. Rg2 Rxh3 50. Ke4 Kf6 51. Rg1 Rh4+ 52. Ke3 (52. Kd3 $142 Kf5 (52... Rh3 $2 53. Ke4 $19) 53. Rxg3) 52... Rh2 53. Rxg3 Rxb2 54. Ke4 Rxb3 {[%emt 0:00:07] ...Rc3 ist eine echte Drohung.} 55. Rg1 Rc3 {[%emt 0:00:19] [#] Weiss muss nun ...b3 beachten.} 56. Ra1 Rc4+ 57. Kd3 Rf4 58. Ke3 Rc4 (58... Kf5 $142 59. Ra8 g4 60. fxg4+ Rxg4 (60... Kxg4 $2 61. Re8 $19)) 59. Kd3 $1 Rd4+ 60. Ke3 Rd6 61. Ke4 b3 {[%emt 0:00:10] ( -> ...b2)} 62. Rb1 Rb6 {[%emt 0:00:06] Schwarz setzt Matt.} 63. Rb2 Ke6 64. Kd3 Kf5 65. Ke3 Rb8 66. Ke2 Kf4 67. Kf2 Rb7 68. Kg2 e4 69. fxe4 Kxe4 70. Kg3 Kd3 71. Kg4 Kc3 {[%emt 0:00:13] Gewichteter Fehlerwert: Weiß=0.39/Schwarz=0.33.  Fehler:       	Weiß=4     	Schwarz=1     Ungenau:       	Weiß=3     	Schwarz=2     OK:         	Weiß=12    	Schwarz=20    Bester:       	Weiß=2     	Schwarz=1     Stark:        	Weiß=1     	Schwarz=2} 0-1

[Event "Reykjavik Open 2024"]
[Site "Reykjavik"]
[Date "2024.03.16"]
[Round "2.39"]
[White "Alic, Miran"]
[Black "Botez, Andrea"]
[Result "1-0"]
[ECO "A49"]
[WhiteElo "2033"]
[BlackElo "1825"]
[Annotator "RC"]
[PlyCount "91"]
[EventDate "2024.03.12"]
[EventCountry "ISL"]
[SourceTitle "playchess.com"]
[Source "ChessBase"]
[SourceQuality "1"]
[TimeControl "40/5400+30:1800+30"]

1. d4 Nf6 2. Nf3 g6 3. g3 Bg7 4. Bg2 d6 5. O-O O-O 6. b3 c6 7. Bb2 Nbd7 8. Re1 Re8 9. e4 Qc7 10. e5 dxe5 11. dxe5 Ng4 12. Qe2 Nc5 13. Qc4 b6 14. Ng5 Nh6 15. e6 f6 16. Nf7 Ba6 17. Nxh6+ Bxh6 18. Qg4 Rad8 19. f4 f5 20. Qf3 Ne4 21. Rxe4 Bg7 22. Re5 Qd6 23. Na3 Bxe5 24. fxe5 Qd2 25. Qf2 Qxf2+ 26. Kxf2 Rd2+ 27. Kg1 Red8 28. Bxc6 b5 29. b4 Bc8 30. Bf3 Bxe6 31. Bc3 R2d7 32. Nxb5 a6 33. Na3 g5 34. h3 g4 35. hxg4 fxg4 36. Be4 Rd1+ 37. Rxd1 Rxd1+ 38. Kf2 Bxa2 39. Bb7 e6 40. Bxa6 Rh1 41. Bb7 Rd1 42. b5 Kf7 43. b6 Rd8 44. Be4 Bd5 45. Bxd5 exd5 46. Bd4 1-0

[Event "Reykjavik Open 2024"]
[Site "Reykjavik"]
[Date "2024.03.16"]
[Round "2.40"]
[White "Arun, Nitish"]
[Black "Saine, Zachary"]
[Result "1/2-1/2"]
[ECO "D27"]
[WhiteElo "1808"]
[BlackElo "2010"]
[Annotator "NA RC"]
[PlyCount "119"]
[EventDate "2024.03.12"]
[EventCountry "ISL"]
[SourceTitle "playchess.com"]
[Source "ChessBase"]
[SourceQuality "1"]
[TimeControl "40/5400+30:1800+30"]

1. d4 d5 2. c4 e6 3. Nc3 c5 4. e3 dxc4 5. Bxc4 a6 6. a4 Nc6 7. Nf3 Nf6 8. O-O b6 {[%emt 0:04:26] D27: Queen's Gambit Accepted: Classical main line: 7 e4!? and 7 a4.} 9. d5 Na5 10. Ba2 exd5 11. Nxd5 Bb7 12. e4 Be7 13. Bf4 Nxd5 14. exd5 O-O 15. d6 Bf6 16. Ne5 Bxe5 17. Bxe5 Nc6 18. Bc3 Qh4 19. Qf3 Rad8 20. Rfd1 Ba8 21. Qg3 Qxg3 22. fxg3 Rd7 23. Bc4 Rfd8 24. Rf1 b5 25. axb5 axb5 26. Bxb5 Rxd6 27. Bc4 R6d7 28. Rf5 Nd4 29. Rf2 Bd5 30. Bxd5 Rxd5 31. Bxd4 cxd4 32. Rd2 f6 33. Rad1 Kf7 34. Kf2 Ke6 35. Kf3 Rf5+ 36. Ke4 Re5+ 37. Kf3 Re3+ 38. Kf2 Ke5 39. Re2 Rxe2+ 40. Kxe2 Rb8 41. Rb1 Rb3 42. Kd2 d3 43. Ke3 f5 44. Re1 Kd5 45. Rd1 Ke5 46. Rxd3 Rxb2 47. Rd2 Rxd2 48. Kxd2 Kd4 49. Ke2 Ke4 50. Kf2 Kd3 51. Kf3 g5 52. h3 (52. g4 $5 f4 $8 53. g3 fxg3 54. Kxg3 $11) 52... Kd4 53. Ke2 Ke4 54. Kf2 $11 g4 55. hxg4 fxg4 56. Ke2 h6 57. Kd2 Kd4 58. Ke2 Ke4 59. Kd2 Kd4 60. Ke2 1/2-1/2

[Event "Reykjavik Open 2024"]
[Site "Reykjavik"]
[Date "2024.03.16"]
[Round "2.41"]
[White "Lu, Maximillian"]
[Black "Gurner, Jem"]
[Result "1-0"]
[ECO "A05"]
[WhiteElo "2375"]
[BlackElo "1968"]
[Annotator "TA"]
[PlyCount "85"]
[EventDate "2024.03.12"]
[EventCountry "ISL"]
[SourceTitle "playchess.com"]
[Source "ChessBase"]
[SourceQuality "1"]
[TimeControl "40/5400+30:1800+30"]

1. a3 Nf6 2. Nf3 g6 3. b4 Bg7 4. Bb2 d5 5. e3 O-O 6. Be2 a5 7. d4 c6 8. Nbd2 {[%emt 0:00:55] The position is equal.} axb4 9. axb4 Rxa1 10. Qxa1 Bf5 11. c4 Ne4 12. O-O Nxd2 13. Nxd2 Nd7 14. Nb3 Qa8 (14... dxc4 $11 {was preferrable.} 15. Na5 Bd3 16. Nxb7 Qb6 17. Bxd3 cxd3) 15. cxd5 cxd5 16. Rc1 Nb6 17. Qxa8 Rxa8 18. Na5 Na4 19. Ba3 e5 20. Bb5 (20. Nxb7 exd4 21. exd4 Bxd4 $17) 20... Nb6 21. Bb2 exd4 22. Bxd4 Bxd4 23. exd4 Rc8 24. Rc5 Ra8 25. h4 (25. Nxb7 $2 Ra1+ 26. Bf1 Bd3 $19) 25... Nc4 {[%emt 0:05:41] Black is now going downhill.} 26. Nxb7 $16 Ra1+ 27. Kh2 Rb1 28. Na5 Rxb4 29. Nc6 (29. Bxc4 dxc4 30. Rxc4 (30. Nxc4 Be6 $11) 30... Rb2 $14) 29... Rb2 {[%emt 0:01:42] [#]} 30. Ne7+ $1 (30. Rxd5 $6 Nb6 31. Rc5 Nd7 32. Rxf5 gxf5 33. Ne7+ Kf8 34. Bxd7 Kxe7 35. Bxf5 h6 $15 (35... Rxf2 36. Bxh7 Rf4 37. Kh3 $11)) 30... Kf8 31. Nxf5 (31. Nxd5 Nd6 32. Bc6 Rxf2 $15) 31... gxf5 32. Rxd5 {[%emt 0:00:21][%mdl 4096] Endgame. KRB-KRN} Na3 {[%emt 0:00:23] [#]} (32... Nd6 $16 {is a better defense.}) 33. Bd3 $1 $18 Rxf2 $2 (33... Rd2) 34. Ra5 (34. Bxf5 h6 $14) (34. Rxf5 Rd2 35. Rf3 Nc2 $14) 34... Nc2 35. Ra2 ({Stronger than} 35. Bxf5 Ne3 36. Ra8+ Kg7 $11) ({Inferior is} 35. Rxf5 Rxf5 36. Bxf5 Nxd4 37. Bxh7 f5 $11) 35... Rxg2+ $2 (35... Rf4 36. g3 (36. Rxc2 Rxh4+ 37. Kg1 Rxd4 $18) 36... Rxd4 37. Bxc2 Rd2+ 38. Kh3 Rf2) 36. Kxg2 Ne1+ 37. Kg3 Nxd3 {[%emt 0:00:05] KR-KN} 38. Rd2 Nc1 39. Kf4 {[%emt 0:00:20] White mates.} Nb3 40. Rd3 Na5 41. Rc3 Ke7 42. Kxf5 Kd6 43. Kf6 {[%emt 0:00:00] Weighted Error Value: White=0.05 (flawless) /Black=0.41.  Mistake:       	---       	Black=5      Inaccurate:     	White=3     	Black=4      OK:         	White=10    	Black=10     Best:        	White=2     	Black=1      Strong:       	White=2     	---} 1-0

[Event "Reykjavik Open 2024"]
[Site "Reykjavik"]
[Date "2024.03.16"]
[Round "2.42"]
[White "Prado, Alexandra"]
[Black "Gulbinski, Michal"]
[Result "1/2-1/2"]
[ECO "B13"]
[WhiteElo "1877"]
[BlackElo "1671"]
[Annotator "NA RC"]
[PlyCount "182"]
[EventDate "2024.03.12"]
[EventCountry "ISL"]
[SourceTitle "playchess.com"]
[Source "ChessBase"]
[SourceQuality "1"]
[TimeControl "40/5400+30:1800+30"]

1. e4 c6 2. d4 d5 3. exd5 cxd5 4. Bd3 Nf6 5. c3 Nc6 6. Bf4 Bg4 7. Qb3 Qb6 8. Qxb6 {[%emt 0:06:01] B13: Caro-Kann: Exchange Variation and Panov-Botvinnik Attack.} axb6 9. Nd2 e6 10. Ngf3 Be7 11. O-O O-O 12. Rfe1 Rfc8 13. h3 Bh5 14. Ne5 Nxe5 15. Bxe5 Bg6 16. Bf1 h6 17. g4 Ne4 18. Nf3 Bh7 19. a3 Nd6 20. Nd2 Bf8 21. Bh2 Rd8 22. f4 Ne4 23. Nf3 Rac8 24. Rad1 Bd6 25. Bd3 f5 26. g5 Bg6 27. h4 Bh5 28. Be2 Bg4 29. Ne5 Bxe2 30. Rxe2 Bxe5 31. dxe5 hxg5 32. hxg5 g6 33. Re3 Kg7 34. Red3 b5 35. Rd4 Rc4 36. Kg2 Rh8 37. Bg3 Kf7 38. Rc1 Rhc8 39. Rcd1 Rh8 40. Ra1 Rxd4 41. cxd4 Rc8 42. Be1 Rc4 43. Rd1 Ke8 44. Bb4 Rc2+ 45. Kf3 Rxb2 46. Rc1 Kd7 47. Ke3 b6 48. Kd3 Rh2 49. Bf8 Rh3+ 50. Ke2 Rc3 51. Ra1 Rc4 52. Kd3 Ng3 53. Bb4 Nh5 54. Rf1 Rc8 55. Bd6 Rc4 56. Bb4 Kc6 57. Rf3 Kb7 58. Bd2 Ka6 59. Bb4 Rc1 60. Kd2 $17 Rc4 61. Ke3 Kb7 62. Kd3 Rc1 63. Kd2 Rg1 64. Ke2 Rg2+ 65. Kf1 Rg4 66. Bd2 Ng3+ 67. Ke1 Ne4 68. Bb4 Rh4 69. Kd1 Rh2 70. Kc1 Kc6 71. Kb1 Kd7 72. Ka1 Rf2 73. Rh3 Rxf4 74. Rh7+ Kc8 75. Rh8+ Kd7 76. Rh7+ Kc6 77. Rg7 Nxg5 78. Rxg6 Rg4 79. Bf8 Kd7 80. Rg7+ Ke8 81. Bd6 Nf3 82. Re7+ Kd8 83. Rxe6 Nxd4 84. Rf6 Re4 85. Rf8+ Kd7 86. Rf7+ Kc8 87. Kb2 f4 88. Rf8+ Kd7 89. Rf7+ Kc8 90. Rf8+ Kd7 91. Rf7+ Kc8 1/2-1/2

[Event "Reykjavik Open 2024"]
[Site "Reykjavik"]
[Date "2024.03.16"]
[Round "2.43"]
[White "Belenkaya, Dina"]
[Black "Hill, Andy"]
[Result "1-0"]
[ECO "E90"]
[WhiteElo "2164"]
[BlackElo "1926"]
[Annotator "RC"]
[PlyCount "89"]
[EventDate "2024.03.12"]
[EventCountry "ISL"]
[SourceTitle "playchess.com"]
[Source "ChessBase"]
[SourceQuality "1"]
[TimeControl "40/5400+30:1800+30"]

1. d4 Nf6 2. c4 g6 3. Nc3 Bg7 4. e4 d6 5. Nf3 O-O 6. Bd3 Nbd7 7. O-O e5 8. d5 c5 9. dxc6 bxc6 10. Bc2 Qc7 11. b3 Rd8 12. Bb2 Nf8 13. Rc1 Bh6 14. Nd2 Ne6 15. Bb1 Qb6 16. Qe1 a5 17. Na4 Qb8 18. Rd1 Nd4 19. f4 Kg7 20. Qh4 Ne2+ 21. Kh1 Nxf4 22. Nf3 Bg4 23. c5 Bxf3 24. Rxf3 g5 25. Qg3 dxc5 26. Rdf1 Qd6 27. Nb6 N6h5 28. Qg4 Ra7 29. Nc4 Qe6 30. Nxe5 Kg8 31. Qxe6 fxe6 32. g3 Ng6 33. Nxc6 g4 34. R3f2 Rad7 35. Nxd8 Rxd8 36. Bc3 Be3 37. Re2 Bd4 38. Bxa5 Ra8 39. Bc7 Rc8 40. Bd6 e5 41. b4 c4 42. b5 Ng7 43. a4 Ne8 44. Bb4 Rb8 45. Ba2 1-0

[Event "Reykjavik Open 2024"]
[Site "Reykjavik"]
[Date "2024.03.16"]
[Round "2.45"]
[White "Kazarian, Anna-Maja"]
[Black "Kjartansson, Gudmundur"]
[Result "0-1"]
[ECO "C54"]
[WhiteElo "2206"]
[BlackElo "2465"]
[Annotator "RC"]
[PlyCount "96"]
[EventDate "2024.03.12"]
[EventCountry "ISL"]
[SourceTitle "playchess.com"]
[Source "ChessBase"]
[SourceQuality "1"]
[TimeControl "40/5400+30:1800+30"]

1. e4 e5 2. Nf3 Nc6 3. Bc4 Nf6 4. d3 Bc5 5. O-O O-O 6. c3 d6 7. a4 a6 8. h3 h6 9. Re1 Re8 10. b4 Ba7 11. Qb3 Be6 12. Nbd2 d5 13. exd5 Bxd5 14. Bxd5 Qxd5 15. b5 Na5 16. Qxd5 Nxd5 17. Ba3 Nf4 18. Bb4 Nxd3 19. Bxa5 Bxf2+ 20. Kf1 b6 21. Red1 bxa5 22. Ne4 Bb6 23. Rxd3 f5 24. Nfd2 fxe4 25. Nxe4 Rf8+ 26. Rf3 axb5 27. axb5 Rxf3+ 28. gxf3 a4 29. Ke2 Kf7 30. Kd3 Ke6 31. Ra3 g5 32. c4 Bd4 33. Nc3 Bxc3 34. Kxc3 c5 35. bxc6 Kd6 36. Kb4 Kxc6 37. c5 h5 38. Kc4 Rf8 39. Re3 Rf4+ 40. Kd3 a3 41. Rxe5 a2 42. Re6+ Kb5 43. Re1 Rxf3+ 44. Kd4 Rxh3 45. Ra1 Rh2 46. Rc1 Rc2 47. Ra1 Kb4 48. c6 Kb3 0-1

[Event "Reykjavik Open 2024"]
[Site "Reykjavik"]
[Date "2024.03.16"]
[Round "3.1"]
[White "Salimova, Nurgyul"]
[Black "Xu, Xiangyu"]
[Result "1/2-1/2"]
[ECO "D02"]
[WhiteElo "2426"]
[BlackElo "2623"]
[Annotator "TA"]
[PlyCount "43"]
[EventDate "2024.03.12"]
[EventCountry "ISL"]
[SourceTitle "playchess.com"]
[Source "ChessBase"]
[SourceQuality "1"]
[TimeControl "40/5400+30:1800+30"]

1. Nf3 g6 2. d4 Nf6 3. g3 Bg7 4. Bg2 d5 5. O-O O-O 6. c3 Nc6 7. Nbd2 {[%emt 0:06:48] The position is equal.} Re8 8. Re1 e5 9. dxe5 Nxe5 10. Nxe5 Rxe5 11. Nb3 Re8 12. Bg5 c6 {[%emt 0:00:05] [#]} 13. e4 $1 dxe4 14. Qxd8 Rxd8 15. Rxe4 h6 16. Bxf6 Bxf6 17. Na5 Rd2 18. Re8+ Kg7 19. Nc4 Rd8 20. Rxd8 Bxd8 21. Nd6 Be7 22. Nxc8 {[%emt 0:00:33] An uneventful encounter.   Weighted Error Value: White=0.05 (flawless) /Black=0.05 (flawless) .  OK:         	White=6     	Black=7      Best:        	White=1     	---} 1/2-1/2

[Event "Reykjavik Open 2024"]
[Site "Reykjavik"]
[Date "2024.03.16"]
[Round "3.2"]
[White "Katz, Alexander"]
[Black "Sanal, Vahap"]
[Result "0-1"]
[ECO "C54"]
[WhiteElo "2418"]
[BlackElo "2558"]
[Annotator "TA"]
[PlyCount "64"]
[EventDate "2024.03.12"]
[EventCountry "ISL"]
[SourceTitle "playchess.com"]
[Source "ChessBase"]
[SourceQuality "1"]
[TimeControl "40/5400+30:1800+30"]

1. e4 e5 2. Nf3 Nc6 3. Bc4 Bc5 4. c3 Nf6 5. d3 d6 6. Bb3 h6 7. O-O O-O 8. h3 a6 9. Nbd2 Re8 10. Re1 Be6 {[%emt 0:00:57] Die Stellung ist ausgeglichen.} 11. Nf1 d5 12. d4 dxe4 13. dxc5 (13. Nxe5 $11 {hält das Gleichgewicht.} Bxb3 14. Nxc6 Bxd1 15. Nxd8 Raxd8 16. dxc5 (16. Rxd1 Ba7 $11)) 13... Bxb3 $17 (13... exf3 14. Qxf3 e4 15. Qg3 $14) 14. Qxb3 (14. axb3 $17 Qxd1 (14... exf3 15. Qxf3 Qd5 16. Qf5 $11) 15. Rxd1 exf3 16. gxf3) 14... exf3 $19 15. gxf3 Qd7 16. Kh2 Ne7 {[%emt 0:07:59] Ein dynamisches Springerpaar.} 17. Rxe5 (17. Qc4 $142) 17... Ng6 18. Rxe8+ Rxe8 ({Schwächer ist} 18... Nxe8 19. Qxb7 Rd8 20. Be3 $11) 19. Be3 Qc6 20. Nd2 Nd5 21. Qc4 Nxe3 22. fxe3 Rxe3 23. Rg1 Qf6 24. Qd4 {[%emt 0:04:04] Wehrt Ne5 ab} Qf4+ 25. Qxf4 Nxf4 {[%emt 0:00:03][%mdl 4096] Endspiel. KRN-KRN} 26. Kg3 g5 {[%emt 0:00:16] [#] Weiss muss nun ...Re2 beachten.} 27. Nc4 $2 (27. h4 $17) 27... Re2 28. Kg4 Kg7 29. Kf5 Ng6 {[%emt 0:01:15] ...Nh4+ ist eine echte Drohung.} 30. Rd1 $2 {[%emt 0:08:37] [#]} (30. Kg4 $19) 30... Ne7+ 31. Kg4 Rg2+ 32. Kh5 Ng8 {[%emt 0:00:08] Schwarz nahm nach der Eröffnung die Zügel in die Hand.   Gewichteter Fehlerwert: Weiß=0.59/Schwarz=0.07 (makellos) .  Verlustzug:     	Weiß=1     	---        Fehler:       	Weiß=4     	---        OK:         	Weiß=7     	Schwarz=12    Bester:       	Weiß=3     	Schwarz=5} 0-1

[Event "Reykjavik Open 2024"]
[Site "Reykjavik"]
[Date "2024.03.16"]
[Round "3.3"]
[White "Maze, Sebastien"]
[Black "Haldorsen, Benjamin"]
[Result "1/2-1/2"]
[ECO "C76"]
[WhiteElo "2551"]
[BlackElo "2426"]
[Annotator "TA"]
[PlyCount "80"]
[EventDate "2024.03.12"]
[EventCountry "ISL"]
[SourceTitle "playchess.com"]
[Source "ChessBase"]
[SourceQuality "1"]
[TimeControl "40/5400+30:1800+30"]

1. e4 e5 2. Nf3 Nc6 3. Bb5 a6 4. Ba4 d6 5. c3 Bd7 6. d4 g6 7. Bg5 Be7 8. Bxe7 Qxe7 9. O-O Nf6 10. Nbd2 {[%emt 0:00:45] White has an edge.} O-O 11. Re1 Rfe8 12. a3 Nh5 13. g3 b5 14. Bb3 Qf6 15. d5 Na5 16. Ba2 c5 17. dxc6 Bxc6 18. b4 Nb7 19. c4 Qe7 20. Rc1 {[%emt 0:00:54] [#] And now cxb5 would win.} Rec8 21. Re3 Nf6 22. Qe2 Kg7 23. Rec3 Bd7 24. cxb5 Rxc3 25. Rxc3 Bxb5 26. Qd1 Nd8 27. a4 (27. Bd5 $11 {remains equal.} Rb8 28. Ba2) 27... Be8 28. Bc4 Rb8 29. Qb1 (29. Qb3 $142) 29... Bxa4 $17 30. Bxa6 {[%emt 0:00:03] [#]} d5 (30... Qa7 $1 $17 31. b5 Ne6) 31. b5 $11 {[%emt 0:00:57] The position is equal.} dxe4 32. Nxe4 Nxe4 33. Qxe4 Bxb5 34. Qb1 $1 Qf6 35. Bxb5 {[%emt 0:00:28] Rb3 would now be deadly.} e4 36. Rb3 exf3 37. Qd1 Qe5 38. Bc4 Rxb3 39. Bxb3 Ne6 40. Bxe6 Qxe6 {[%emt 0:00:12] Weighted Error Value: White=0.10 (very precise) /Black=0.09 (flawless) .  Mistake:       	White=2     	Black=1      Inaccurate:     	White=1     	Black=1      OK:         	White=14    	Black=14     Best:        	White=1     	Black=1      Strong:       	White=1     	---} 1/2-1/2

[Event "Reykjavik Open 2024"]
[Site "Reykjavik"]
[Date "2024.03.16"]
[Round "3.4"]
[White "Balakrishnan, Praveen"]
[Black "Garifullina, Leya"]
[Result "1/2-1/2"]
[ECO "E51"]
[WhiteElo "2490"]
[BlackElo "2413"]
[Annotator "TA"]
[PlyCount "45"]
[EventDate "2024.03.12"]
[EventCountry "ISL"]
[SourceTitle "playchess.com"]
[Source "ChessBase"]
[SourceQuality "1"]
[TimeControl "40/5400+30:1800+30"]

1. d4 Nf6 2. c4 e6 3. Nf3 d5 4. Nc3 Bb4 5. e3 O-O 6. Bd2 Nbd7 7. a3 Be7 8. Qc2 dxc4 9. Bxc4 c5 10. O-O cxd4 11. exd4 Nb6 12. Ba2 Bd7 13. Ne5 Rc8 14. Rfe1 Bc6 (14... Bb5 $5) 15. Qd3 Nbd5 16. Bg5 Nd7 {[%emt 0:15:47] [#] And now ...Nxe5 would win. The position is equal.} 17. Nxc6 bxc6 18. Bd2 N7f6 19. Rac1 Nxc3 20. Rxc3 Nd5 21. Rc4 Nb6 22. Rc3 Bf6 23. Be3 {[%emt 0:01:20] An uneventful encounter.   Weighted Error Value: White=0.08 (flawless) /Black=0.09 (flawless) .  Inaccurate:     	White=1     	Black=1      OK:         	White=7     	Black=3} 1/2-1/2

[Event "Reykjavik Open 2024"]
[Site "Reykjavik"]
[Date "2024.03.16"]
[Round "3.5"]
[White "Sushanth Kamabathula"]
[Black "Cramling Bellon, Anna"]
[Result "1-0"]
[ECO "B32"]
[WhiteElo "1918"]
[BlackElo "2115"]
[Annotator "NA RC"]
[PlyCount "75"]
[EventDate "2024.03.12"]
[EventCountry "ISL"]
[SourceTitle "playchess.com"]
[Source "ChessBase"]
[SourceQuality "1"]
[TimeControl "40/5400+30:1800+30"]

1. e4 c5 2. Nf3 Nc6 3. d4 cxd4 4. Nxd4 e5 5. Nb5 a6 6. Nd6+ Bxd6 7. Qxd6 Qe7 8. Qd1 Nf6 9. Nc3 d6 10. Bg5 Be6 11. Nd5 Bxd5 12. exd5 Nb8 13. Be2 Nbd7 14. O-O O-O 15. c4 Rac8 16. Rc1 h6 17. Be3 e4 18. b4 a5 19. a3 axb4 20. axb4 Ne5 21. Qd4 Qd7 22. h3 Qf5 23. Rfd1 Qg6 24. Kh1 Rfd8 25. Bf4 Qf5 26. Bxe5 dxe5 27. Qe3 b5 28. c5 Nxd5 29. Rxd5 Rxd5 30. Bg4 Qg6 31. Bxc8 Rd3 32. Qe2 f5 33. c6 f4 34. Qg4 Qd6 35. Qe6+ Kf8 36. Qxd6+ Rxd6 37. c7 e3 38. Bg4 1-0

[Event "Reykjavik Open 2024"]
[Site "Reykjavik"]
[Date "2024.03.16"]
[Round "3.6"]
[White "Domalchuk-Jonasson, Aleksandr"]
[Black "Belenkaya, Dina"]
[Result "1-0"]
[ECO "A14"]
[WhiteElo "2355"]
[BlackElo "2164"]
[Annotator "TA"]
[PlyCount "81"]
[EventDate "2024.03.12"]
[EventCountry "ISL"]
[SourceTitle "playchess.com"]
[Source "ChessBase"]
[SourceQuality "1"]
[TimeControl "40/5400+30:1800+30"]

1. c4 e6 2. Nf3 d5 3. g3 Nf6 4. Bg2 Be7 5. O-O c6 6. b3 O-O 7. Bb2 a5 8. d4 a4 9. Nbd2 b5 10. c5 {[%emt 0:08:29] Weiß steht etwas besser.} Qa5 11. Qc2 a3 12. Bc1 b4 13. e4 Nfd7 14. Re1 Na6 15. Nf1 Nc7 16. Ne3 Nf6 17. Ne5 Bb7 18. Bd2 Nb5 19. Qd3 Nxd4 20. Qxd4 Bxc5 21. Qd3 dxe4 {[%emt 0:01:29] [#]} 22. Qc2 (22. Bxe4 Rad8 (22... Rfd8 23. Qc2 $14) 23. Qc2 (23. Bxh7+ $2 Nxh7 24. N5c4 Qb5 $19) 23... Rxd2 (23... Nxe4 24. Qxe4 Rxd2 25. N5c4 $14) 24. Bxh7+ Nxh7 $15) (22. Qe2 $1 $16) 22... Bxe3 $14 23. Nc4 (23. Nxc6 $2 Bxf2+ 24. Kxf2 Ng4+ (24... Qb6+ $2 25. Be3 $19) 25. Kg1 Qb6+ $19) 23... Bxf2+ $1 24. Kxf2 Qa7+ 25. Be3 {[%emt 0:02:58] Aktives Gegenspiel!} Ng4+ 26. Kg1 Nxe3 27. Nxe3 f5 28. Qc4 Rad8 29. Kh1 ({Und nicht} 29. Qxb4 e5 $11) ({Günstiger ist} 29. Qxe6+ Kh8 30. Kh1) 29... Qa5 {[%emt 0:05:04] Führt Schwarz ins Verderben.} (29... Rfe8 $16) 30. Qxe6+ $18 Kh8 31. Rad1 Rde8 {[%emt 0:00:40] Wehrt Qe7 ab} 32. Qd7 Ba8 (32... Bc8 $142 33. Qxc6 Re6) 33. Rf1 g6 34. Nc4 Qc5 (34... Qd8 35. Qa7 Qb8) 35. Nd6 Rb8 36. Qe7 Kg8 {[%emt 0:01:38] [#] Es drohte Nf7} 37. g4 $1 {[%emt 0:08:05][%mdl 512] Und gxf5 würde nun gewinnen.} Rbe8 38. Qd7 (38. Nxe8 $2 {geht unter.} Qxe7 39. Nd6 e3 $19 (39... fxg4 $2 40. Rfe1 $19)) ({Schwächer ist} 38. Qxe8 Rxe8 39. Nxe8 Qe7 $11) 38... Re5 39. gxf5 {[%emt 0:00:27] Weiß setzt Matt.} gxf5 40. Bxe4 f4 41. Qxh7# {[%emt 0:00:05] Gewichteter Fehlerwert: Weiß=0.10 (sehr präzise) /Schwarz=0.52.  Fehler:       	Weiß=2     	Schwarz=3     Ungenau:       	---       	Schwarz=4     OK:         	Weiß=11    	Schwarz=8     Bester:       	Weiß=6     	Schwarz=1     Stark:        	---       	Schwarz=1} 1-0

[Event "Reykjavik Open 2024"]
[Site "Reykjavik"]
[Date "2024.03.16"]
[Round "3.7"]
[White "Kjartansson, Gudmundur"]
[Black "Lu, Miaoyi"]
[Result "1/2-1/2"]
[ECO "E05"]
[WhiteElo "2465"]
[BlackElo "2392"]
[Annotator "TA"]
[PlyCount "132"]
[EventDate "2024.03.12"]
[EventCountry "ISL"]
[SourceTitle "playchess.com"]
[Source "ChessBase"]
[SourceQuality "1"]
[TimeControl "40/5400+30:1800+30"]

1. Nf3 Nf6 2. g3 d5 3. Bg2 e6 4. O-O Be7 5. c4 O-O 6. d4 dxc4 7. Qc2 a6 8. a4 $1 {[%emt 0:00:44] 8.a4 is better than 8.Qxc4.} Bd7 9. Bg5 {[%emt 0:02:48] E05: Open Catalan: 5 Nf3 Be7.} Bc6 10. Nc3 Bxf3 11. Bxf3 Nc6 12. Bxc6 bxc6 13. e3 Rb8 14. a5 Rb4 $146 (14... c5 $11) ({Predecessor:} 14... Ne8 15. Bxe7 Qxe7 16. Ne4 Nd6 17. Nc5 Rb5 18. Nxa6 Ra8 19. Nc5 Rbxa5 20. Rxa5 Rxa5 {1-0 Bates,R (2372)-Lim,Z (2184) London Classic op 10th 2018 (7)}) 15. Ra4 (15. Bxf6 $14 Bxf6 16. Na2) 15... Qb8 16. Rxb4 Qxb4 17. Ra1 Rb8 18. Bxf6 $1 Bxf6 (18... gxf6 $11 19. Qe4 Qb7 (19... Qxb2 $2 {too greedy.} 20. Rb1 $18)) 19. Ra4 $14 Qxb2 20. Qxb2 Rxb2 21. Rxc4 e5 22. Rxc6 (22. Ne4 {simplifies} exd4 23. Nxf6+ gxf6 24. exd4 Rb5 25. Rxc6 Rxa5 26. Rxf6 Kg7 27. Rc6) 22... exd4 23. Nd5 d3 24. Rxc7 h5 25. Nxf6+ gxf6 26. Rd7 d2 27. Kf1 Ra2 28. Rd5 Rxa5 29. Rxd2 Kg7 30. Rd6 Ra1+ 31. Kg2 a5 32. Ra6 a4 33. Kf3 a3 34. h3 a2 $2 ({Better is} 34... Ra2 $11) 35. h4 $16 f5 36. Kf4 Rb1 37. Rxa2 Kg6 38. Ra4 Rb2 39. f3 (39. Ra6+ $142 Kg7 40. f3 (40. Kxf5 Rxf2+ 41. Kg5 Rf3 $11)) 39... f6 $16 40. Rd4 Rb3 41. Rc4 Ra3 42. Rb4 Rc3 43. e4 fxe4 44. Rxe4 Rc1 45. Rd4 Rh1 46. Rd5 Rh3 47. Rd1 Rh2 48. Rg1 Rh3 49. g4 hxg4 50. Kxg4 Rh2 51. Kg3 Ra2 52. Kf4+ Kf7 53. h5 Ra4+ 54. Kg3 Kg7 55. f4 Kh6 56. Kg4 Ra5 57. f5 Ra4+ 58. Kf3 Kxh5 59. Rg6 Rb4 60. Ke3 Ra4 61. Rxf6 Kg5 62. Rf8 Rb4 63. f6 Kg6 64. Kf3 Rb6 65. Ke3 Rxf6 66. Rxf6+ Kxf6 1/2-1/2